 Dungeon Crawl Stone Soup version 0.31.0 (webtiles) character file.

Game seed: 16396226860461739467

3215 SnakkuSnakku7 the Basher (level 10, -9/69 (70) HPs)
             Began as a Formicid Cinder Acolyte on Jan 20, 2024.
             Was a Priest of Ignis.
             Mangled by a death yak (21 damage)
             ... on level 8 of the Dungeon.
             The game lasted 00:09:12 (6528 turns).

SnakkuSnakku7 the Basher (Formicid Cinder Acolyte)  Turns: 6528, Time: 00:09:13

HP:   -9/69 (70)    AC: 14    Str: 23    XL:     10   Next: 17%
MP:   11/11         EV:  6    Int: 14    God:    Ignis [***...]
Gold: 357           SH:  5    Dex:  9    Spells: 11/11 levels left

rFire   + . .        a - +2 halberd (elec)
rCold   . . .        (no shield)
rNeg    . . .        I - +0 plate armour
rPois   .            (helmet unavailable)
rElec   .            E - +0 cloak
rCorr   .            (no gloves)
SInv    +            l - +2 pair of boots
Will    +....        t - amulet of reflection Stlth
                     (no ring)
HPRegen 0.31/turn    (no ring)
MPRegen 0.12/turn

%: reflection
@: lightly drained
A: permanent stasis, dig shafts and tunnels, antennae 3, four strong arms
a: Dig, Shaft Self, Renounce Religion, Fiery Armour, Foxfire Swarm, Rising Flame


You were on level 8 of the Dungeon.
You worshipped Ignis.
Ignis was most pleased with you.
You visited 1 branch of the dungeon, and saw 8 of its levels.
You also visited: Bailey.

You collected 357 gold pieces.

Inventory:

Hand Weapons
 a - a +2 halberd of electrocution (weapon)
 p - a -1 hand axe of flaming
 x - a +3 hand axe
 H - a +4 flail of protection
Armour
 b - a +0 robe
 l - a +2 pair of boots (worn)
 E - a +0 cloak (worn)
 I - a +0 plate armour (worn)
Jewellery
 j - an amulet of guardian spirit
 t - an amulet of reflection (around neck)
Wands
 D - a wand of quicksilver (14)
 F - a wand of roots (11)
Scrolls
 d - 2 scrolls of poison {unknown}
 e - 3 scrolls of brand weapon {unknown}
 g - 6 scrolls of teleportation {unknown}
 i - 5 scrolls of identify {unknown}
 k - 3 scrolls of immolation {unknown}
 m - 4 scrolls of enchant weapon {unknown}
 n - a scroll of revelation {unknown}
 o - a scroll of torment {unknown}
 r - a scroll of blinking {unknown}
 v - a scroll of fog {unknown}
 y - a scroll of noise {unknown}
Potions
 c - 3 potions of invisibility {unknown}
 f - a potion of enlightenment {unknown}
 h - a potion of berserk rage {unknown}
 q - a potion of attraction {unknown}
 s - a potion of curing
 u - 3 potions of heal wounds {unknown}
 w - a potion of lignification {unknown}
 z - 4 potions of mutation {unknown}
 A - a potion of ambrosia {unknown}
 B - a potion of degeneration {unknown}
 C - 4 potions of brilliance {unknown}
 G - 2 potions of cancellation {unknown}
 J - 2 potions of magic {unknown}
 K - 3 potions of haste {unknown}


   Skills:
 - Level 3.2 Fighting
 - Level 8.7(11.1) Axes
 - Level 10.6(11.9) Maces & Flails
 + Level 2.3(6.0) Polearms
 - Level 1.1 Spellcasting
 - Level 3.0 Fire Magic


You had 11 spell levels left.
You didn't know any spells.
Your spell library contained the following spells:

 Spells                   Type           Power      Damage    Failure   Level
 Scorch                   Fire           18%        2d5       96%         2
 Sandblast                Erth           0%         2d4       100%        1
 Fugue of the Fallen      Necr           0%         N/A       100%        3
 Ozocubu's Armour         Ice            0%         N/A       100%        3
 Passwall                 Erth           0%         N/A       100%        3
 Stone Arrow              Conj/Erth      0%         3d7       100%        3
 Brom's Barrelling Bould  Conj/Erth      0%         2d3       100%        4
 Manifold Assault         Tloc           0%         N/A       100%        4
 Summon Forest            Summ/Tloc      0%         N/A       100%        5
 Summon Mana Viper        Hex/Summ       0%         N/A       100%        5
 Summon Cactus Giant      Summ           0%         N/A       100%        6


Dungeon Overview and Level Annotations

Branches:
Dungeon (8/15)             Temple (0/1) D:5            Lair (0/5) D:8
 Bailey (visited)

Altars:
Dithmenos
Makhleb
Ru
Uskayaw
The Shining One

Shops:
D:1 *


Innate Abilities, Weirdness & Mutations

You cannot be hasted, slowed, berserked, paralysed or teleported.
You can dig through walls and to a lower floor.
You have a pair of large antennae on your head. (SInv)
Your four strong arms can wield two-handed weapons with a shield.


Message History

The grasping roots constrict the death yak. x2
You hear a loud squeak.
The death yak gores you!
Unknown command.
Unknown command.
Unknown command.
The grasping roots constrict the death yak. x2
The roots release their grip on the death yak.
Unknown command.
The grasping roots constrict the death yak, but do no damage.
The roots release their grip on the death yak.
Aiming: Quicksilver Bolt
Press: ? - help, Shift-Dir - straight line, f - orc, p - death yak
Aim: an orc, wielding a +0 short sword (71% to hit)
The bolt of dispelling energy misses the death yak.
The bolt of dispelling energy hits the death yak!
The death yak is moderately wounded.
The bolt of dispelling energy misses the orc.
The death yak gores you!
* * * LOW HITPOINT WARNING * * *
Unknown command.
Unknown command.
Aiming: Quicksilver Bolt
Press: ? - help, Shift-Dir - straight line, f/p - orc
Aim: an orc, wielding a +0 short sword (71% to hit)
The bolt of dispelling energy hits the death yak!
The death yak is almost dead.
The bolt of dispelling energy hits the death yak!!
The death yak is heavily wounded.
The bolt of dispelling energy misses the orc.
The death yak gores you but does no damage.
Unknown command.
Unknown command.
The death yak attacks as it pursues you!
You block the death yak's attack.
The death yak attacks as it pursues you!
The death yak gores you!
* * * LOW HITPOINT WARNING * * *
You feel better. The death yak gores you!!
You die...

# #.#...... #.. ...#.# .
#........ #.# #..#.##.#
#.#,.Y...## ...#<......#
###,#.#....#####.#.#..#.## #.#
................# ############{#
#..####.#....#.# .............###
#.####.#....# #
.#######....oY.###...##..))).# .#
#...≈≈~≈≈.Y@......>..#..#+##
(#####.#.≈...≈.####.###.........#
.#.......~.∩>~.# #)# #.........#
.#.......≈...≈.# #)# #.........#
.#.......≈≈~≈≈.# #)# #.........#
.#.....(.......# #)# #.........#
.#............## #.# #.##+###'##
.#...........## #.# #. #...
.#...........# #.# #. #...


You could see 2 death yaks and an orc.

Vanquished Creatures
  Maurice (D:7)
  Jeremiah (D:7)
  Prince Ribbit (D:7)
  Sigmund (D:4)
  A wyvern (D:8)
  Edmund (D:5)
  A water moccasin (D:5)
  A sky beast (D:6)
  An ice beast (D:7)
  An orc warrior (Bailey)
  An ogre (D:5)
  Blork the orc (D:5)
  A bullfrog (D:5)
  3 scorpions
  3 wights (D:7)
  4 killer bees (D:8)
  A howler monkey (D:7)
  2 bombardier beetles
  A hound (D:6)
  3 jellies
  An orc priest (D:8)
  A gnoll bouda (D:4)
  Jessica (D:2)
  2 iguanas
  A sleepcap (D:7)
  4 orc wizards
  Robin (D:4)
  14 gnolls
  7 adders
  A river rat (D:8)
  2 white imps
  2 dart slugs
  25 orcs
  5 ball pythons
  8 endoplasms
  4 giant cockroaches
  21 goblins
  11 hobgoblins
  3 jackals (D:3)
  5 quokkas
  4 bats
  4 frilled lizards
  A goblin zombie (D:4)
  3 hobgoblin zombies (D:4)
  7 kobolds
  3 kobold zombies (D:4)
  An orc skeleton (D:4)
  An orc zombie (D:4)
  7 rats
180 creatures vanquished.

Vanquished Creatures (others)
  40 foxfires (D:5)
40 creatures vanquished.

Grand Total: 220 creatures vanquished

Notes
Turn   | Place    | Note
-------+----------+-------------------------------------------
     0 | D:1      | SnakkuSnakku7 the Formicid Cinder Acolyte began the quest
                  | for the Orb.
     0 | D:1      | Reached XP level 1. HP: 18/18 MP: 2/2
   194 | D:1      | Reached XP level 2. HP: 24/24 MP: 3/3
   435 | D:1      | Found Opybig's Assorted Antiques.
   500 | D:1      | Reached XP level 3. HP: 26/29 MP: 4/4
   650 | D:2      | Found a faded altar of an unknown god.
  1057 | D:2      | Noticed Jessica
  1066 | D:2      | Killed Jessica
  1067 | D:2      | Reached XP level 4. HP: 32/35 MP: 5/5
  1507 | D:3      | Reached skill level 5 in Axes
  1598 | D:3      | Reached XP level 5. HP: 30/41 MP: 6/6
  1996 | D:3      | Found a sacrificial altar of Ru.
  2351 | D:4      | Reached XP level 6. HP: 47/47 MP: 7/7
  2371 | D:4      | Found a glowing golden altar of the Shining One.
  2491 | D:4      | Noticed Robin
  2501 | D:4      | Killed Robin
  2588 | D:4      | Noticed Sigmund
  2596 | D:4      | Killed Sigmund
  2597 | D:4      | Reached XP level 7. HP: 48/52 MP: 8/8
  2969 | D:5      | Entered Level 5 of the Dungeon
  3263 | D:5      | Noticed Edmund
  3281 | D:5      | HP: 2/52 [Edmund/+4 flail of protection (10)]
  3291 | D:5      | Killed Edmund
  3367 | D:5      | Reached skill level 1 in Maces & Flails
  3367 | D:5      | Reached XP level 8. HP: 19/58 MP: 9/9
  3505 | D:5      | Found a burning altar of Makhleb.
  3505 | D:5      | Found a hide-covered altar of Uskayaw.
  3665 | D:5      | Reached skill level 2 in Maces & Flails
  3682 | D:5      | Noticed Blork the orc
  3689 | D:5      | Killed Blork the orc
  3712 | D:5      | Found a staircase to the Ecumenical Temple.
  3742 | D:5      | Reached skill level 3 in Maces & Flails
  4092 | D:5      | Reached skill level 4 in Maces & Flails
  4298 | D:6      | Found a shadowy altar of Dithmenos.
  4668 | D:6      | Reached skill level 5 in Maces & Flails
  5168 | D:7      | Reached skill level 6 in Maces & Flails
  5182 | D:7      | Reached XP level 9. HP: 64/64 MP: 10/10
  5191 | D:7      | Noticed Prince Ribbit
  5203 | D:7      | Killed Prince Ribbit
  5204 | D:7      | Reached skill level 7 in Maces & Flails
  5239 | D:7      | Noticed Maurice
  5249 | D:7      | Killed Maurice
  5250 | D:7      | Reached skill level 8 in Maces & Flails
  5428 | D:7      | Noticed Jeremiah
  5469 | D:7      | Killed Jeremiah
  5470 | D:7      | Reached skill level 9 in Maces & Flails
  5705 | D:8      | Noticed a death yak
  5705 | D:8      | Found a staircase to the Lair.
  5706 | D:8      | Noticed a death yak
  5834 | D:8      | Found a flagged portal.
  5844 | D:8      | Reached skill level 10 in Maces & Flails
  5866 | D:8      | Reached XP level 10. HP: 21/70 MP: 11/11
  6003 | Bailey   | Entered a bailey
  6224 | Bailey   | Reached skill level 1 in Polearms
  6507 | D:8      | Noticed a death yak
  6528 | D:8      | Mangled by a death yak

Illustrated notes

Levels and vault maps discovered:
D:1:      dpeg_arrival_round_c, layout_basic, serial_shops,
          nicolae_shop_temple_entry_statues_fountains, minmay_misc_feat_cross
D:2:      layout_loops_corners, basic_ecumenical_altar, uniq_jessica
D:3:      layout_loops_ring, lemuel_crystal_altar, serial_bayou,
          serial_bayou_pond_b, serial_bayou_pond_e, serial_bayou_lagoon_a,
          serial_bayou_pond_b
D:4:      layout_loops_ring, nicolae_tso_besieged_by_evil, uniq_sigmund,
          uniq_robin
D:5:      layout_loops_corners, jmf_multi_god_temple, temple_pool_b,
          chequers_decorated_corner, eino_tiny_chamber, uniq_blork_the_orc,
          uniq_edmund
D:6:      layout_loops_corners, grunt_dithmenos_smoke_and_mirrors,
          nicolae_eternal_life, chequers_serial_rivers_room_b
D:7:      layout_basic, uniq_maurice, uniq_jeremiah, uniq_prince_ribbit1
D:8:      layout_basic, dpeg_lair_monsters, enter_bailey_5

Skill      XL: |  1  2  3  4  5  6  7  8  9 10 |
---------------+-------------------------------+-----
Axes           | 4 5 6 7 8 |  8.7
Maces & Flails | 1 6 10 | 10.6
Polearms       | 2 |  2.3
Fighting       | |  3.2
Spellcasting   | |  1.1
Fire Magic     | |  3.0

Action                     |  1- 3 |  4- 6 |  7- 9 | 10-12 || total
---------------------------+-------+-------+-------+-------++-------
  Melee: Hand axe          |    97 |   151 |    64 |       ||   312
         Punch             |     2 |     1 |     2 |       ||     5
         Flail             |       |       |   169 |    33 ||   202
         Halberd           |       |       |       |    55 ||    55
 Invoke: Foxfire Swarm     |       |       |     4 |       ||     4
         Fiery Armour      |       |       |     1 |       ||     1
Ability: Dig               |     1 |       |     2 |     1 ||     4
  Evoke: Wand              |       |       |     3 |     5 ||     8
    Use: Potion            |       |       |     5 |     1 ||     6
 Armour: Chain mail        |    69 |    98 |   182 |    62 ||   411
         Robe              |     3 |       |       |       ||     3
         Plate armour      |       |       |       |    15 ||    15
  Dodge: Dodged            |    44 |    43 |    65 |    33 ||   185
  Block: Other             |       |    12 |    53 |    20 ||    85
